 Dungeon Crawl Stone Soup version 0.14.1-18-g0856e53 (webtiles) character file.

285 Kae the Firebug (level 5, -3/28 HPs)
             Began as a Tengu Fire Elementalist on June 2, 2014.
             Slain by a phantom (8 damage)
             ... on Level 4 of the Dungeon.
             The game lasted 00:05:09 (4209 turns).

Kae the Firebug (Tengu Fire Elementalist)           Turns: 4209, Time: 00:05:10

HP  -3/28        AC  2     Str  8      XL: 5   Next: 26%
MP   4/11        EV 12     Int 16      God:
Gold 141         SH  0     Dex 15      Spells:  3 memorised,  3 levels left

rFire  . . .     SeeInvis .     (no weapon)
rCold  . . .     Clarity  .     a - +0 robe
rNeg   . . .     Conserve .     (no shield)
rPois  .         rCorr    .     (helmet restricted)
rElec  .         rRot     .     (no cloak)
SustAb . .       Spirit   .     (no gloves)
rMut   .         Warding  .     (boots unavailable)
Saprov . . .     Stasis   .     (no amulet)
MR     .....                    (no ring)
                                (no ring)

@: very slightly contaminated, not resistant to hostile enchantments, fairly
stealthy
A: able to fly, beak, talons 3
a: Fly


You were on level 4 of the Dungeon.
You were hungry.

You visited 1 branch of the dungeon, and saw 4 of its levels.

You collected 141 gold pieces.

Inventory:

Armour
 a - a +0 robe (worn)
Comestibles
 c - 3 bread rations
 f - a choko
 i - 2 meat rations
 o - a cheese
 v - 13 sultanas
Scrolls
 d - 4 scrolls of identify {unknown}
 g - a scroll of recharging {unknown}
 j - a scroll of fear {unknown}
 n - a scroll of enchant armour {unknown}
 p - a scroll of magic mapping {unknown}
 q - a scroll of amnesia {unknown}
 r - a scroll of blinking {unknown}
Jewellery
 h - a +4 ring of evasion {unknown}
 m - an uncursed ring of magical power {unknown}
 s - an uncursed ring of positive energy {unknown}
Potions
 e - a potion of resistance {unknown}
 k - a potion of heal wounds {unknown}
 l - 3 potions of brilliance {unknown}
 t - a potion of degeneration {unknown}
 u - a potion of mutation {unknown}
 w - a potion of poison {unknown}
 x - a potion of cure mutation {unknown}
Books
 b - a book of Flames

   Spells                             Type                      Level
   *Flame Tongue                      Conjuration/Fire             1
   *Throw Flame                       Conjuration/Fire             2
   *Conjure Flame                     Conjuration/Fire             3
   Inner Flame                        Hexes/Fire                   3
   Sticky Flame                       Conjuration/Fire             4
   Fireball                           Conjuration/Fire             5


   Skills:
 - Level 2.1 Dodging
 - Level 2.0 Stealth
 + Level 2.7 Spellcasting
 * Level 4.4 Conjurations
 * Level 4.5 Fire Magic


You had 3 spell levels left.
You knew the following spells:

 Your Spells              Type           Power        Failure   Level  Hunger
a - Flame Tongue          Conj/Fire      ###..        3%          1    #......
b - Throw Flame           Conj/Fire      ###...       6%          2    ##.....
c - Conjure Flame         Conj/Fire      ###.....     12%         3    ###....


Dungeon Overview and Level Annotations

Branches:
Dungeon (4/15)
 Temple: D:4-7

Altars:


Innate Abilities, Weirdness & Mutations

You can fly.
You have a beak for a mouth.
You have claws for feet.


Message History

Aiming: Flame Tongue
Press: ? - help, Shift-Dir - straight line, f - phantom
Aim: a phantom (moderately damaged)
The flame tongue misses the phantom.
The phantom blinks!
You start resting.
Casting: Flame Tongue
Confirm with . or Enter, or press ? or * to list all spells.
Aiming: Conjure Flame
Press: ? - help, Dir - move target cursor, p - phantom The fire roars!
Casting: Conjure Flame
Confirm with . or Enter, or press ? or * to list all spells.
Aiming: Flame Tongue
Press: ? - help, Shift-Dir - straight line, f - phantom
Aim: a phantom (flame, moderately damaged)
The flame tongue hits the phantom.
The phantom is heavily damaged.
The phantom is engulfed in roaring flames.
The phantom hits you!
You die...

#.# # #'# ### # #.#
#.#.###.... ## #.##.#
>#........ .. ....
........[ .#
#.#####......... .#
#....<.......... .###
#.###.#.......######....
#.# #)#p#+######.......#
#.# #.#@#.# #..........
#.# #.#...# #..........
#.###.###.# #..........
#.........####..........
#.....##................
#.....##.###............
#.....##.# #............
#.....##.# #............
#.######.....#.........


You could see a phantom.

Vanquished Creatures
  A hound (D:4)
  A worker ant (D:4)
  2 gnolls (D:4)
  2 giant geckos (D:1)
  7 bats
  A giant cockroach (D:1)
  7 hobgoblins
  2 jackals (D:3)
  12 kobolds
  A quokka (D:2)
  2 ball pythons
  7 giant newts
  11 goblins
  6 rats
62 creatures vanquished.

Notes
Turn   | Place    | Note
--------------------------------------------------------------
     0 | D:1      | Kae, the Tengu Fire Elementalist, began the quest for the Orb.
     0 | D:1      | Reached XP level 1. HP: 10/10 MP: 3/3
   210 | D:1      | Reached XP level 2. HP: 15/15 MP: 5/5
   731 | D:1      | Reached XP level 3. HP: 11/19 MP: 1/7
  1168 | D:2      | Learned a level 2 spell: Throw Flame
  1172 | D:2      | Learned a level 3 spell: Conjure Flame
  3179 | D:3      | Reached XP level 4. HP: 24/24 MP: 9/9
  3470 | D:3      | Reached skill level 4 in Fire Magic
  3729 | D:4      | Reached XP level 5. HP: 14/28 MP: 6/11
  4097 | D:4      | Noticed a phantom
  4209 | D:4      | Slain by a phantom

Action                   |  1- 3 |  4- 6 || total
-------------------------+-------+-------++-------
Melee: Unarmed           |   144 |    19 ||   163
 Cast: Flame Tongue      |    40 |    32 ||    72
       Throw Flame       |     1 |       ||     1
       Conjure Flame     |       |     2 ||     2
 Stab: Sleeping          |     3 |       ||     3
